 Dungeon Sprint DCSS version 0.21.1-1-g345015f (webtiles) character file.

40549 doot the Ninja (level 13, -16/61 HPs)
             Began as a Spriggan Enchanter on Apr 22, 2018.
             Was a High Priest of Lugonu.
             Killed from afar by a deep elf annihilator (75 damage)
             ... with a crystal spear
             ... in the Dungeon (Sprint III: "The Ten Rune Challenge").
             The game lasted 00:31:58 (4420 turns).

doot the Ninja (Spriggan Enchanter)                 Turns: 4420, Time: 00:31:59

Health: -16/61     AC:  3    Str:  4    XL:     13   Next: 5%
Magic:  23/34      EV: 34    Int: 17    God:    Lugonu [*****.]
Gold:   800        SH:  0    Dex: 26    Spells: 37/45 levels left

rFire    . . .     SeeInvis +   v - +3 dagger (venom)
rCold    . . .     Gourm    .   (shield restricted)
rNeg     . . .     Faith    .   u - +1 robe {MR+}
rPois    +         Spirit   .   q - +0 hat
rElec    .         Reflect  .   (no cloak)
rCorr    .         Harm     .   (gloves unavailable)
MR       +++..     NoTele   +   (boots unavailable)
Stlth    ++++++++++             (no amulet)
HPRegen  0.20/turn              m - ring of poison resistance
MPRegen  0.24/turn              (no ring)

@: agile, very quick
A: very small, unfitting armour, see invisible, herbivore, speed 3, slow
metabolism 2
}: 1/10 runes: decaying
a: Bend Space, Banish, Corrupt, Renounce Religion


You were in the Dungeon.
You worshipped Lugonu.
Lugonu was extremely pleased with you.
You were not hungry.

You visited 1 branch You collected 1198 gold pieces.
You spent 398 gold pieces at shops.

Inventory:

Hand Weapons
 a - a +1 dagger
 v - a +3 dagger of venom (weapon)
 w - a cursed -1 blowgun
Missiles
 x - 5 needles of sleeping
 y - 5 needles of paralysis
Armour
 b - a +0 robe
 q - a +0 hat (worn)
 u - a +1 robe of magic resistance (worn)
 z - +0 swamp dragon scales
Jewellery
 m - a ring of poison resistance (left hand)
Scrolls
 o - 4 scrolls of remove curse
Potions
 e - a potion of curing
 f - 2 potions of heal wounds
 g - 2 potions of haste
 h - 2 potions of magic
 i - a potion of berserk rage
 k - 2 potions of brilliance {unknown}
 l - 6 potions of mutation
 n - a potion of degeneration {unknown}
 p - 4 potions of ambrosia
 s - 2 potions of flight
 A - a potion of agility
Books
 c - a book of Maledictions

   Spells                             Type                      Level
   a - Corona                         Hexes                        1
   b - Ensorcelled Hibernation        Hexes/Ice                    2
   c - Confuse                        Hexes                        3
   d - Tukima's Dance                 Hexes                        3
   e - Dazzling Spray                 Conjuration/Hexes            3
 r - a book of Cantrips

   Spells                             Type                      Level
   a - Confusing Touch                Hexes                        1
   b - Animate Skeleton               Necromancy                   1
   c - Summon Small Mammal            Summoning                    1
   d - Apportation                    Translocation                1
Miscellaneous
 t - a sack of spiders
Comestibles
 d - 10 rations


   Skills:
 + Level 4.0 Fighting
 + Level 9.1 Short Blades
 + Level 10.1 Dodging
 O Level 27 Stealth
 + Level 16.9 Spellcasting
 + Level 17.2 Hexes
 + Level 7.7 Ice Magic
 - Level 13.1 Invocations


You had 37 spell levels left.
You knew the following spells:

 Your Spells              Type           Power        Failure   Level  Hunger
b - Ensorcelled Hibernat  Hex/Ice        ######       1%          2    None
c - Confuse               Hex            ######..     0%          3    None
d - Tukima's Dance        Hex            ######..     0%          3    None


Dungeon Overview and Level Annotations

Branches:
Dungeon (1/1)

Altars:
Cheibriados
Dithmenos
Elyvilon
Fedhas
Gozag
Hepliaklqana
Kikubaaqudgha
Makhleb
Nemelex Xobeh
Okawaru
Qazlal
Ru
Sif Muna
Trog
Uskayaw
Vehumet
Wu Jian
Xom
Yredelemnul
Zin
The Shining One
Beogh
Jiyva
Lugonu

Shops:
D :![=


Innate Abilities, Weirdness & Mutations

You are very small and have problems with some larger weapons.
You are too small for most types of armour.
You have supernaturally acute eyesight. (SInv)
You are a herbivore.
You cover ground extremely quickly.
You need consume almost no food.


Message History

You hear a distant "Zot"!
The deep elf annihilator completely misses you.
You eat one of the 11 rations.
That ration really hit the spot!
The deep elf annihilator hits you.
Press: ? - help, Shift-Dir - straight line, f - deep elf annihilator
Aim: a deep elf annihilator, wearing a robe (chance to defeat MR: 14%)
Okay, then.
Unknown command.
Unknown command.
Unknown command.
Unknown command.
Press: ? - help, Shift-Dir - straight line, f - deep elf annihilator
Aim: a deep elf annihilator, wearing a robe (chance to defeat MR: 14%)
The deep elf annihilator resists with almost no effort.
You feel somewhat more hungry. The deep elf annihilator misses you.
You feel agile all of a sudden.
The deep elf annihilator points at you and mumbles some strange words.
The crystal spear hits you!
Ouch! That really hurt!
You die...

▓▓▓▓▓▓▓▓▓▓▓▓ #.##.#.##..#######
## ##...∩.#.))).#...# §§e
#........)##.#...##≈≈≈
#.....)..#.#.#...≈≈≈.
#..).[...#.#.#..e##≈
#..#.###.###.'..@# #.###.##.#
#######
#'###########################
#)...#)#)#)...(#......'...≈≈#
##)#))#.##.###.#......#...≈≈###
'##)#.#.##.#))##......#...≈≈≈≈#
#[).#..#..##.)'.......#...≈≈≈≈#
▓▓▓▓▓▓▓▓▓▓▓▓▓▓#.......#.......#
.....((.≈≈≈...#.......#.......#


You could see a deep elf annihilator.

Vanquished Creatures
  Rupert (D)
  Gastronok (D)
  Dowan (D)
  2 dire elephants (D)
  Erolcha (D)
  3 hydras (D)
  Urug (D)
  A skeletal warrior (D)
  2 swamp dragons (D)
  A death drake (D)
  A spriggan druid (D)
  5 deep elf magi (D)
  A lindwurm (D)
  A stone giant skeleton (D)
  2 elephants (D)
  2 spiny frogs (D)
  Duvessa (D)
  A rime drake (D)
  A komodo dragon (D)
  3 wandering mushrooms (D)
  2 tyrant leeches (D)
  A queen bee (D)
  5 blink frogs (D)
  2 spriggans (D)
  A shadow (D)
  5 redbacks (D)
  A spatial vortex (D)
  2 swamp drakes (D)
  5 orc warriors (D)
  A necrophage (D)
  5 two-headed ogres (D)
  A scorpion (D)
  31 killer bees (D)
  An electric eel (D)
  A jelly (D)
  Jessica (D)
  A wizard (D)
  10 orc wizards (D)
  A necromancer (D)
  3 humans (D)
  A kobold demonologist (D)
  An ooze (D)
  3 orcs (D)
  A rat (D)
118 creatures vanquished.

Vanquished Creatures (collateral kills)
  A killer bee (D)
1 creature vanquished.

Vanquished Creatures (others)
  A deep elf blademaster (D)
  2 draconian scorchers (D)
  Nessos (D)
  A deep elf demonologist (D)
  A mummy priest (D)
  A swamp dragon (D)
  6 hellions (D)
  3 yaktaurs (D)
  2 hornets (D)
  2 spriggan defenders (D)
  2 orc high priests (D)
  A hydra simulacrum (D)
  A swamp drake (D)
  2 orc priests (D)
  2 ball lightnings (D)
  6 ballistomycetes (D)
  5 ballistomycete spores (D)
  44 plants (D)
83 creatures vanquished.

Grand Total: 202 creatures vanquished

Notes
Turn   | Place    | Note
-------+----------+-------------------------------------------
     0 | D        | doot the Spriggan Enchanter began the quest for the Orb.
     0 | D        | Reached XP level 1. HP: 9/9 MP: 5/5
    19 | D        | Reached skill level 5 in Stealth
    35 | D        | Killed a yaktaur
   104 | D        | Killed a hellion
   105 | D        | Killed a hellion
   106 | D        | Noticed Jessica
   109 | D        | Killed Jessica
   109 | D        | Reached skill level 6 in Stealth
   109 | D        | Reached skill level 5 in Hexes
   109 | D        | Reached XP level 2. HP: 13/13 MP: 6/8
   109 | D        | Reached XP level 3. HP: 16/16 MP: 6/9
   118 | D        | Learned a level 2 spell: Ensorcelled Hibernation
   122 | D        | Learned a level 3 spell: Confuse
   148 | D        | Noticed a scorpion
   159 | D        | Killed a scorpion
   159 | D        | Reached skill level 5 in Dodging
   159 | D        | Reached skill level 8 in Stealth
   159 | D        | Reached skill level 5 in Spellcasting
   159 | D        | Reached XP level 4. HP: 21/21 MP: 6/12
   168 | D        | Killed a white draconian scorcher
   209 | D        | Killed a white draconian scorcher
   212 | D        | Killed a hellion
   213 | D        | Killed a hellion
   215 | D        | Killed a hellion
   271 | D        | Killed a hellion
   278 | D        | Noticed a water elemental
   326 | D        | Noticed a shadow
   328 | D        | Killed a shadow
   328 | D        | Reached skill level 11 in Stealth
   328 | D        | Reached XP level 5. HP: 24/24 MP: 13/15
   332 | D        | Reached XP level 6. HP: 29/29 MP: 14/17
   337 | D        | Found a blossoming altar of Fedhas.
   337 | D        | Found a stormy altar of Qazlal.
   338 | D        | Found a snail-covered altar of Cheibriados.
   338 | D        | Found a burning altar of Makhleb.
   338 | D        | Found a hazy altar of Hepliaklqana.
   338 | D        | Found a shimmering altar of Xom.
   338 | D        | Found an opulent altar of Gozag.
   338 | D        | Found a sparkling altar of Nemelex Xobeh.
   338 | D        | Found a corrupted altar of Lugonu.
   338 | D        | Found a viscous altar of Jiyva.
   338 | D        | Noticed a spatial vortex
   348 | D        | Killed a spatial vortex
   348 | D        | Reached skill level 12 in Stealth
   348 | D        | Reached skill level 10 in Hexes
   358 | D        | Became a worshipper of Lugonu the Unformed
   358 | D        | Reached * piety under Lugonu
   382 | D        | Learned a level 3 spell: Tukima's Dance
   382 | D        | Found a radiant altar of Vehumet.
   383 | D        | Found a deep blue altar of Sif Muna.
   383 | D        | Found an ancient bone altar of Kikubaaqudgha.
   384 | D        | Reached skill level 13 in Stealth
   409 | D        | Found a glowing silver altar of Zin.
   410 | D        | Found a glowing golden altar of the Shining One.
   410 | D        | Found a white marble altar of Elyvilon.
   410 | D        | Noticed a deep elf mage
   412 | D        | Killed a deep elf mage
   412 | D        | Reached ** piety under Lugonu
   412 | D        | Reached skill level 15 in Stealth
   412 | D        | Reached XP level 7. HP: 32/32 MP: 17/20
   420 | D        | Found a hide-covered altar of Uskayaw.
   420 | D        | Found an iron altar of Okawaru.
   421 | D        | Found a roughly hewn altar of Beogh.
   421 | D        | Found a bloodstained altar of Trog.
   421 | D        | Found an ornate altar of the Wu Jian Council.
   421 | D        | Noticed a human
   421 | D        | Noticed a human
   435 | D        | Killed a human
   435 | D        | Reached skill level 1 in Fighting
   435 | D        | Reached skill level 1 in Ice Magic
   435 | D        | Reached skill level 1 in Invocations
   435 | D        | Reached XP level 8. HP: 31/37 MP: 6/22
   467 | D        | Reached skill level 16 in Stealth
   544 | D        | Found a shadowy altar of Dithmenos.
   545 | D        | Found a basalt altar of Yredelemnul.
   545 | D        | Found a sacrificial altar of Ru.
   547 | D        | Reached *** piety under Lugonu
   574 | D        | Reached skill level 17 in Stealth
   574 | D        | Reached skill level 10 in Spellcasting
   579 | D        | Noticed a two-headed ogre
   582 | D        | Killed a two-headed ogre
   582 | D        | Reached **** piety under Lugonu
   588 | D        | Noticed a two-headed ogre
   588 | D        | Noticed Erolcha
   590 | D        | Killed Erolcha
   590 | D        | Reached skill level 18 in Stealth
   590 | D        | Reached skill level 5 in Invocations
   590 | D        | Reached XP level 9. HP: 42/42 MP: 24/24
   591 | D        | Killed a two-headed ogre
   591 | D        | Reached skill level 5 in Short Blades
   591 | D        | Reached skill level 19 in Stealth
   608 | D        | Found Ruveanta's Book Shoppe.
   636 | D        | Reached ***** piety under Lugonu
   869 | D        | Reached ****** piety under Lugonu
  1032 | D        | Reached skill level 20 in Stealth
  1205 | D        | Noticed a queen bee
  1220 | D        | Reached XP level 10. HP: 39/46 MP: 18/26
  1718 | D        | Reached skill level 21 in Stealth
  1814 | D        | Noticed a spiny frog
  1814 | D        | Noticed a spiny frog
  1822 | D        | Killed a spiny frog
  1826 | D        | Killed a spiny frog
  1891 | D        | Reached skill level 22 in Stealth
  1900 | D        | Reached skill level 10 in Dodging
  1919 | D        | Reached XP level 11. HP: 50/50 MP: 24/29
  1983 | D        | Noticed Rupert
  1987 | D        | Killed Rupert
  1987 | D        | Reached skill level 23 in Stealth
  1987 | D        | Reached skill level 5 in Ice Magic
  1987 | D        | Reached skill level 10 in Invocations
  1998 | D        | Noticed a death yak
  1999 | D        | Noticed a death yak
  2021 | D        | Noticed an azure jelly
  2021 | D        | Noticed an azure jelly
  2021 | D        | Noticed an azure jelly
  2021 | D        | Noticed an azure jelly
  2022 | D        | Noticed a dire elephant
  2022 | D        | Noticed a dire elephant
  2022 | D        | Noticed Gastronok
  2024 | D        | Killed Gastronok
  2025 | D        | Killed a dire elephant
  2025 | D        | Reached skill level 24 in Stealth
  2025 | D        | Reached skill level 15 in Hexes
  2027 | D        | Killed a dire elephant
  2209 | D        | Noticed a lindwurm
  2212 | D        | Killed a lindwurm
  2214 | D        | Reached XP level 12. HP: 56/56 MP: 31/31
  2219 | D        | Reached skill level 25 in Stealth
  2220 | D        | Noticed Urug
  2222 | D        | Killed Urug
  2225 | D        | Noticed a five-headed hydra
  2225 | D        | Noticed a five-headed hydra
  2247 | D        | Killed a five-headed hydra
  2285 | D        | Killed a five-headed hydra
  2312 | D        | Found a blossoming altar of Fedhas.
  2319 | D        | Reached skill level 26 in Stealth
  2352 | D        | Found Etecouf's Distillery.
  2352 | D        | Found Ydun's Antique Armour Shop.
  2354 | D        | Reached skill level 15 in Spellcasting
  2367 | D        | Noticed the 27-headed Lernaean hydra
  2633 | D        | Noticed a six-headed hydra
  2646 | D        | Killed a six-headed hydra
  3251 | D        | Found Cuitsiqu's Jewellery Shoppe.
  3340 | D        | Killed a mummy priest
  3358 | D        | Banished the 27-headed Lernaean hydra
  3365 | D        | Got a decaying rune of Zot
  3378 | D        | Bought an uncursed ring of poison resistance for 200 gold pieces
  3381 | D        | Bought a potion of agility for 44 gold pieces
  3381 | D        | Bought a potion of agility for 44 gold pieces
  3381 | D        | Bought a potion of haste for 110 gold pieces
  3696 | D        | Noticed Duvessa
  3697 | D        | Noticed Dowan
  3709 | D        | Killed Duvessa
  3720 | D        | Killed Dowan
  3720 | D        | Reached skill level 27 in Stealth
  3758 | D        | Noticed a yaktaur captain
  4099 | D        | Noticed a death yak
  4100 | D        | Noticed a death yak
  4155 | D        | Killed a deep elf blademaster
  4171 | D        | Killed Nessos
  4174 | D        | Reached XP level 13. HP: 61/61 MP: 14/34
  4412 | D        | Noticed a deep elf demonologist
  4414 | D        | Noticed a deep elf annihilator
  4416 | D        | Banished a deep elf demonologist
  4417 | D        | Noticed a deep elf death mage
  4420 | D        | Killed from afar by a deep elf annihilator

Skill      XL: |  1  2  3  4  5  6  7  8  9 10 11 12 |
---------------+-------------------------------------+-----
Dodging        | 4 5 7 8 9 10 | 10.1
Stealth        | 6 8 11 15 18 20 22 24 27 | 27.0
Spellcasting   | 4 5 6 7 9 10 11 13 14 16 | 16.9
Hexes          | 5 7 9 11 12 13 14 15 17 | 17.2
Short Blades   | 2 3 4 5 6 7 9 |  9.1
Fighting       | 1 2 3 4 |  4.0
Ice Magic      | 1 2 3 4 6 7 |  7.7
Invocations    | 1 5 7 9 11 13 | 13.1

Action                   |  1- 3 |  4- 6 |  7- 9 | 10-12 | 13-15 || total
-------------------------+-------+-------+-------+-------+-------++-------
Melee: Dagger            |    13 |    15 |    56 |    90 |       ||   174
 Cast: Corona            |     2 |       |       |       |       ||     2
       Ensorcelled Hiber |     1 |       |    28 |    81 |       ||   110
       Confuse           |       |     2 |    11 |    18 |       ||    31
Invok: Banish            |       |       |       |    24 |     3 ||    27
       Bend Space        |       |       |       |     1 |       ||     1
  Use: Scroll            |       |     2 |     4 |     2 |       ||     8
       Potion            |       |       |       |       |     1 ||     1
 Stab: Sleeping          |     2 |     7 |    28 |    69 |       ||   106
       Confused          |       |     1 |     4 |     4 |       ||     9
  Eat: Ration            |       |       |       |     4 |     1 ||     5
Armor: Robe              |     1 |       |     1 |     1 |       ||     3
Dodge: Dodged            |     8 |     4 |    22 |    60 |     2 ||    96
